 Dungeon Crawl Stone Soup version 0.23.2-1-ga50397a (webtiles) character file.

Game seed: 526102609259191370

214 troglodite the Firebug (level 5, -9/41 HPs)
             Began as a Draconian Fire Elementalist on May 21, 2019.
             Killed by nerve-wracking pain
             ... invoked by a shadow imp
              (14 damage)
             ... on level 6 of the Dungeon.
             The game lasted 00:12:54 (2991 turns).

troglodite the Firebug (DrFE)                       Turns: 2991, Time: 00:12:54

Health: -9/41      AC:  5    Str: 15    XL:     5   Next: 60%
Magic:  9/9        EV: 13    Int: 15    God:
Gold:   143        SH:  0    Dex: 15    Spells: 3/9 levels left

rFire    + . .     SeeInvis .   l - +2 mace (crush)
rCold    . . .     Gourm    .   (no shield)
rNeg     . . .     Faith    .   (armour unavailable)
rPois    .         Spirit   .   (helmet restricted)
rElec    .         Reflect  .   (no cloak)
rCorr    .         Harm     .   (no gloves)
MR       .....                  (no boots)
Stlth    ++........             (no amulet)
HPRegen  0.13/turn              a - +2 ring of dexterity
MPRegen  0.11/turn              p - ring of protection from fire

@: mighty, hasted, very quick
A: unfitting armour, cold-blooded, AC +5
a: no special abilities


You were on level 6 of the Dungeon.
You were near starving.

You visited 1 branch of the dungeon, and saw 5 of its levels.

You collected 143 gold pieces.

Inventory:

Hand Weapons
 l - a +2 mace of crushing (weapon)
Jewellery
 a - a +2 ring of dexterity (left hand)
 e - an uncursed ring of poison resistance
 p - a ring of protection from fire (right hand)
Scrolls
 d - 2 scrolls of remove curse {unknown}
 i - 2 scrolls of teleportation {unknown}
 j - a scroll of fog {unknown}
 k - 3 scrolls of identify {unknown}
 m - a scroll of random uselessness {unknown}
 n - 2 scrolls of enchant weapon {unknown}
 o - a scroll of blinking {unknown}
 r - a scroll of amnesia {unknown}
Potions
 c - 2 potions of curing
 f - a potion of might
 h - a potion of lignification {unknown}
 q - 2 potions of degeneration {unknown}
Comestibles
 b - 5 rations


   Skills:
 * Level 1.7 Fighting
   Level 0.1 Short Blades
 * Level 2.2 Maces & Flails
 * Level 2.5 Dodging
 + Level 1.9 Stealth
 * Level 2.9 Spellcasting
 * Level 2.1 Conjurations
 * Level 3.8 Fire Magic


You had 3 spell levels left.
You knew the following spells:

 Your Spells              Type           Power        Failure   Level  Hunger
a - Flame Tongue          Conj/Fire      ##...        6%          1    #......
b - Throw Flame           Conj/Fire      ##....       9%          2    ##.....
c - Conjure Flame         Conj/Fire      ##......     19%         3    ###....

Your spell library contained the following spells:

 Spells                   Type           Power        Failure   Level  Hunger
 Inner Flame              Hex/Fire       #.......     28%         3    ###....
 Sticky Flame             Conj/Fire      ##......     52%         4    #####..
 Fireball                 Conj/Fire      ##........   86%         5    ######.


Dungeon Overview and Level Annotations

Branches:
Dungeon (4/15)
 Temple: D:4-7

Altars:
Gozag
Makhleb

Annotations:
D:6 Dowan, Duvessa, Edmund


Innate Abilities, Weirdness & Mutations

Your plain brown scales are hard. (AC +5)
You cannot fit into any form of body armour.
You are cold-blooded and may be slowed by cold attacks.


Message History

Duvessa, Sister of Dowan comes into view.
She is wielding a +0 rapier.
Duvessa shouts!
Dowan, Brother of Duvessa comes into view.
He is wielding a +0 dagger and wearing a +2 robe of cold resistance.
Dowan shouts!
An orc priest comes into view. It is wielding a -2 mace.
The orc priest shouts!
Edmund the Younger comes into view.
He is wielding a +2 dire flail of protection and carrying a wand of random effects (17).
Edmund shouts!
An orc warrior comes into view. It is wielding a +0 dire flail.
The orc warrior shouts!
You hear a shout!
Found 6 gold pieces.
You feel as though your hastened speed will last longer.
Duvessa drinks a potion.
Duvessa flickers and vanishes!
Deactivating autopickup; reactivate with Ctrl-A.
Dowan smirks and points a slender finger. 2 shadow imps come into view.
The shadow imp shouts! x2
The shadow imp gestures at you. Pain shoots through your body!
You die...

.# .... ... ..# ..#
#.# ## #####.###....
#@........#
#........#e#####
#........#.# .
#...5.5..#.# #..
#.........#.#####....
#.#.......#o#......#
# #####..##{@.o@#
.............#
###..#..####o.#


You could see Dowan and 2 shadow imps.

Vanquished Creatures
  A crimson imp (D:3)
  Terence (D:2)
  A worker ant (D:4)
  5 adders
  2 oozes
  3 worms
  5 dart slugs
  2 leopard geckos (D:2)
  7 bats
  4 giant cockroaches
  6 goblins
  5 hobgoblins
  9 kobolds
  A ball python (D:3)
  3 frilled lizards
  10 rats
  3 plants (D:2)
68 creatures vanquished.

Notes
Turn   | Place    | Note
-------+----------+-------------------------------------------
     0 | D:1      | troglodite the Draconian Fire Elementalist began the quest
                  | for the Orb.
     0 | D:1      | Reached XP level 1. HP: 14/14 MP: 3/3
   160 | D:1      | Reached XP level 2. HP: 17/22 MP: 0/5
   202 | D:1      | Learned a level 2 spell: Throw Flame
   552 | D:1      | Reached XP level 3. HP: 27/27 MP: 6/6
   885 | D:2      | Noticed Terence
   900 | D:2      | Killed Terence
   900 | D:2      | Reached skill level 1 in Fighting
  1121 | D:2      | Reached skill level 1 in Maces & Flails
  1177 | D:2      | Reached XP level 4. HP: 28/35 MP: 5/7
  1318 | D:2      | Learned a level 3 spell: Conjure Flame
  2429 | D:3      | Reached XP level 5. HP: 40/40 MP: 2/9
  2558 | D:3      | Found an opulent altar of Gozag.
  2740 | D:3      | Found a burning altar of Makhleb.
  2947 | D:4      | HP: 1/41 [iguana (8)]
  2980 | D:4      | You fall through a shaft for 2 floors!
  2980 | D:6      | Noticed Duvessa
  2980 | D:6      | Noticed Dowan
  2980 | D:6      | Noticed Edmund
  2980 | D:6      | Noticed an orc warrior
  2991 | D:6      | Killed from afar by a shadow imp

Skill      XL: |  1  2  3  4  5 |
---------------+----------------+-----
Dodging        | 2 |  2.5
Fighting       | 1 |  1.7
Maces & Flails | 1 2 |  2.2
Conjurations   | 2 |  2.1
Short Blades   | |  0.1
Stealth        | |  1.9
Spellcasting   | |  2.9
Fire Magic     | |  3.8

Action                   |  1- 3 |  4- 6 || total
-------------------------+-------+-------++-------
Melee: Dagger            |    32 |       ||    32
       Mace              |    20 |   174 ||   194
       Tailslap          |     1 |    34 ||    35
 Cast: Flame Tongue      |    47 |     4 ||    51
       Throw Flame       |       |    20 ||    20
  Use: Potion            |       |     4 ||     4
 Stab: Sleeping          |       |     1 ||     1
  Eat: Ration            |     1 |     1 ||     2
       Chunk             |       |     1 ||     1
Armor: Skin              |    25 |    10 ||    35
Dodge: Dodged            |    47 |    51 ||    98
